 Dungeon Crawl Stone Soup version 0.27-a0-79-gcaaa221d37 (webtiles) character file.

Game seed: 17602922944900374654

9 kae the Insei (level 2, 0/18 HPs)
             Began as an Octopode Transmuter on Jan 14, 2021.
             Slain by a rat (2 damage)
             ... on level 1 of the Dungeon.
             The game lasted 00:00:10 (236 turns).

kae the Insei (Octopode Transmuter)                  Turns: 236, Time: 00:00:11

Health: 0/18       AC:  1    Str:  9    XL:     2   Next: 16%
Magic:  3/5        EV: 13    Int: 15    God:
Gold:   43         SH:  0    Dex: 12    Spells: 4/5 levels left

rFire    . . .     SeeInvis .     - Unarmed
rCold    . . .     Faith    .   (no shield)
rNeg     . . .     Spirit   .   (helmet currently unavailable)
rPois    .         Reflect  .   (no amulet)
rElec    .         Harm     .   (no ring)
rCorr    .         Rampage  .   (no ring)
Will     .....                  (no ring)
Stlth    ++........             (no ring)
HPRegen  0.06/turn              (no ring)
MPRegen  0.09/turn              (no ring)
                                (no ring)
                                (no ring)

@: mighty, appendages (expiring)
A: almost no armour, stealthy swim, amphibious, 8 rings, constrict 8, tentacle
spike 3, camouflage 1, gelatinous body 1
a: End Transformation


You were on level 1 of the Dungeon.
One of your tentacles had a temporary spike.
You visited 1 branch of the dungeon, and saw 1 of its levels.

You collected 43 gold pieces.

You aren't carrying anything.


   Skills:
 + Level 1.2 Fighting
 + Level 2.1 Dodging
 * Level 3.2 Unarmed Combat
 + Level 2.1 Spellcasting
 + Level 2.1 Transmutations


You had 4 spell levels left.
You knew the following spells:

 Your Spells              Type           Power        Failure   Level
a - Beastly Appendage     Tmut           14%          10%         1

Your spell library contained the following spells:

 Spells                   Type           Power        Failure   Level
 Wereblood                Tmut           7%           14%         2
 Spider Form              Tmut/Pois      2%           38%         3
 Ice Form                 Ice/Tmut       4%           80%         4
 Blade Hands              Tmut           3%           95%         5


Dungeon Overview and Level Annotations

Branches:
Dungeon (1/15)

Altars:


Innate Abilities, Weirdness & Mutations

You cannot wear most types of armour.
You are very stealthy in the water. (Stealth+)
You are amphibious.
You can wear up to eight rings at the same time.
You can use your tentacles to constrict eight enemies at once.
Your skin changes colour to match your surroundings (Stealth+).
Your rubbery body absorbs attacks. (AC +1, EV +1)
One of your tentacles bears a large vicious spike.


Message History

The ball python closely misses you.
* * * LOW HITPOINT WARNING * * *
The ball python constricts you.
You tentacle-slap the ball python.
You kill the ball python!
The hobgoblin closely misses you. The rat misses you.
The goblin barely misses you.
Okay, then.
It was a potion of might.
You feel very mighty all of a sudden.
Your transformation is almost over.
The hobgoblin hits you.
* * * LOW HITPOINT WARNING * * *
The rat barely misses you. The goblin hits you but does no damage.
You bludgeon the hobgoblin!
You kill the hobgoblin!
The rat closely misses you.
You completely miss the goblin. Your grab misses the goblin.
Your tentacle spike misses the goblin.
The leopard gecko misses you. The goblin barely misses you. The rat bites you.
You die...

###.. ..[# ..♣..♣#..#
.≈≈.≈≈P..# ≈≈≈≈≈≈≈..#
≈≈≈≈.≈≈..# ≈≈≈≈≈≈≈P.#
≈.≈≈≈≈(gr## #######
.≈.≈.Pl@..# #.....#
...♣......# #.....####
#......#.#####........#
#....#.....##......##.#
......###...........##.#
.#..................##.#
..........#.........##.#
##.#.####.#.........##.#
# #.#.........##.#


You could see a leopard gecko, a goblin and a rat.

Vanquished Creatures
  A ball python (D:1)
  A bat (D:1)
  A goblin (D:1)
  A hobgoblin (D:1)
  A jackal (D:1)
  A frilled lizard (D:1)
  2 kobolds (D:1)
8 creatures vanquished.

Notes
Turn   | Place    | Note
-------+----------+-------------------------------------------
     0 | D:1      | kae the Octopode Transmuter began the quest for the Orb.
     0 | D:1      | Reached XP level 1. HP: 13/13 MP: 3/3
   232 | D:1      | Reached XP level 2. HP: 10/18 MP: 3/5
   236 | D:1      | Slain by a rat

Illustrated notes

Levels and vault maps discovered:
D:1:      dpeg_arrival_boxes_within_box, layout_rooms, serial_bayou,
          serial_bayou_crossing, serial_bayou_ford_a, serial_bayou_pond_e,
          serial_bayou_pond_b

Action                   || total
-------------------------++-------
Melee: Unarmed           ||    15
       Constrict         ||     5
       Kick              ||     4
       Tentacles         ||     2
 Cast: Beastly Appendage ||     7
  Use: Potion            ||     1
 Stab: Sleeping          ||     1
Dodge: Dodged            ||    20

Table legend: (Time is in decaauts)
 A = Elapsed time spent in this place.
 B = Non-inter-level travel time spent in this place.
 C = Inter-level travel time spent in this place.
 D = Time resting spent in this place.
 E = Time spent auto-exploring this place.
 F = Levels seen in this place.
 G = Mean time per level.
                   A        B        C        D        E       F      G
               +--------+--------+--------+--------+--------+-----+--------+
         Total |    235 |    235 |      0 |      0 |    187 |   1 |  235.0 |
       Dungeon |    235 |    235 |      0 |      0 |    187 |   1 |  235.0 |
               +--------+--------+--------+--------+--------+-----+--------+

Top non-repeatable levels by time:
     D:1: 235 daAuts
